 Dungeon Crawl Stone Soup version 0.25.1-2-g60ff931df9 (webtiles) character file.

Game seed: 16561645877243985329

121 raphialitos the Shield-Bearer (level 5, -8/42 HPs)
             Began as a Formicid Fighter on Oct 19, 2020.
             Killed from afar by an orc wizard (10 damage)
             ... with a puff of flame
             ... on level 2 of the Dungeon.
             The game lasted 00:02:40 (1430 turns).

raphialitos the Shield-Bearer (Formicid Fighter)    Turns: 1430, Time: 00:02:40

Health: -8/42      AC:  8    Str: 21    XL:     5   Next: 26%
Magic:  5/5        EV:  8    Int:  8    God:
Gold:   115        SH:  9    Dex: 10    Spells: 4/4 levels left

rFire    . . .     SeeInvis +   a - +1 quarterstaff
rCold    . . .     Gourm    .   c - +0 kite shield
rNeg     . . .     Faith    .   b - +0 scale mail
rPois    .         Spirit   .   (helmet unavailable)
rElec    .         Reflect  .   l - +0 cloak
rCorr    .         Harm     .   (no gloves)
MR       .....                  (no boots)
Stlth    ..........             (no amulet)
HPRegen  0.14/turn              (no ring)
MPRegen  0.09/turn              (no ring)

@: mighty, lethally poisoned (-8 -> -17)
A: permanent stasis, dig shafts and tunnels, four strong arms, antennae 3
a: Dig, Shaft Self


You were on level 2 of the Dungeon.
You were not hungry.

You visited 1 branch of the dungeon, and saw 2 of its levels.

You collected 115 gold pieces.

Inventory:

Hand Weapons
 a - a +1 quarterstaff (weapon)
Armour
 b - a +0 scale mail (worn)
 c - a +0 kite shield (worn)
 l - a +0 cloak (worn)
Jewellery
 k - an uncursed ring of resist corrosion {unknown}
Scrolls
 j - a scroll of fear
 m - 2 scrolls of amnesia {unknown}
Potions
 e - a potion of curing
 h - a potion of stabbing {unknown}
 i - a potion of lignification {unknown}
Comestibles
 f - 2 rations
 g - a chunk of flesh


   Skills:
 + Level 3.9 Fighting
 + Level 3.1 Staves
 + Level 4.0 Armour
 + Level 0.5 Dodging
 + Level 4.6 Shields


You had 4 spell levels left.
You didn't know any spells.
Your spell library was empty.

Dungeon Overview and Level Annotations

Branches:
Dungeon (2/15)

Altars:


Innate Abilities, Weirdness & Mutations

You cannot be hasted, slowed, berserked, paralysed or teleported.
You can dig through walls and to a lower floor.
Your four strong arms can wield two-handed weapons with a shield.
You have a pair of large antennae on your head. (SInv)


Message History

You have reached level 5!
You block the orc's attack.
The orc throws a poisoned dart.
The poisoned dart barely misses you. The hobgoblin hits you with a +0 club.
* * * LOW HITPOINT WARNING * * *
You block the orc's attack.
The orc wizard hits you with a +0 flail.
* * * LOW HITPOINT WARNING * * *
You closely miss the orc wizard.
The orc throws a poisoned dart.
The poisoned dart barely misses you. The hobgoblin barely misses you.
You block the orc's attack.
The orc wizard hits you but does no damage.
You miss the orc wizard.
The orc throws a poisoned dart.
The poisoned dart hits you!
You are lethally poisoned!
The orc hits you.
* * * LOW HITPOINT WARNING * * *
The hobgoblin barely misses you.
The orc wizard gestures at you while chanting.
The puff of flame hits you!
You die...

....#.##..........#..#..
...............#.##..#.#
...##..........#.##.....
.................##.##..
....................##.$
.#....<........#.##.....
........................
.#####.##..#.#.#o#####..
.....#.# ..#.#o.@....(#.
##.#.# # #.go.....# ...
...........# ...
............... ..#.#
............... .# #
..#............ .#
.....#........#
.#..#........# .


You could see an orc wizard, 2 orcs and a hobgoblin.

Vanquished Creatures
  An orc wizard (D:2)
  An orc priest (D:2)
  2 adders (D:2)
  2 worms (D:2)
  A dart slug (D:1)
  2 leopard geckos
  3 bats (D:2)
  3 giant cockroaches
  3 goblins (D:1)
  5 hobgoblins
  12 frilled lizards
  3 kobolds
  2 rats
40 creatures vanquished.

Notes
Turn   | Place    | Note
-------+----------+-------------------------------------------
     0 | D:1      | raphialitos the Formicid Fighter began the quest for the
                  | Orb.
     0 | D:1      | Reached XP level 1. HP: 18/18 MP: 1/1
    95 | D:1      | Reached XP level 2. HP: 22/24 MP: 2/2
   589 | D:1      | Reached XP level 3. HP: 14/29 MP: 3/3
  1101 | D:2      | Reached XP level 4. HP: 32/37 MP: 4/4
  1428 | D:2      | Reached XP level 5. HP: 7/42 MP: 5/5
  1430 | D:2      | HP: 2/42 [orc (3)]
  1430 | D:2      | Killed from afar by an orc wizard

Illustrated notes

Levels and vault maps discovered:
D:1:      dpeg_arrival_shelter, layout_loops_cross, minmay_lizard_king
D:2:      layout_basic

Skill      XL: |  1  2  3  4 |
---------------+-------------+-----
Shields        | 4 |  4.6
Staves         | 3 |  3.1
Armour         | 4 |  4.0
Fighting       | |  3.9
Dodging        | |  0.5

Action                   |  1- 3 |  4- 6 || total
-------------------------+-------+-------++-------
Melee: Quarterstaff      |   108 |    45 ||   153
  Use: Scroll            |     3 |       ||     3
       Potion            |       |     2 ||     2
  Eat: Chunk             |     1 |     1 ||     2
Armor: Scale mail        |    47 |    26 ||    73
Dodge: Dodged            |    45 |    23 ||    68
Block: Kite shield       |    67 |    41 ||   108
